 Dungeon Crawl Stone Soup version 0.19-a0-1193-g2641e52 (webtiles) character file.

372652 hairmachine the Executioner (level 21, -29/203 HPs)
             Began as a Minotaur Berserker on Aug 19, 2016.
             Was the Champion of Trog.
             Killed from afar by a shadow dragon (51 damage)
             ... with a bolt of negative energy
             ... on level 5 of the Vaults.
             The game lasted 02:29:55 (52210 turns).

hairmachine the Executioner (Minotaur Berserker)   Turns: 52210, Time: 02:29:57

Health: -29/203    AC: 23    Str: 26    XL:     21   Next: 73%
Magic:  8/8        EV: 19    Int:  4    God:    Trog [******]
Gold:   1687       SH:  0    Dex: 19    Spells: 0 memorised, 20 levels left

rFire  + + .     SeeInvis .     Z - +9 executioner's axe (antimagic)
rCold  + + .     Gourm    .     U - +3 gold dragon armour
rNeg   . . .     Faith    .     (shield currently unavailable)
rPois  +         Spirit   .     x - +1 hat
rElec  +         Dismiss  .     w - +1 cloak of Starlight {rElec rC+ EV+4 Stlth--}
rCorr  .         Reflect  .     s - +0 pair of gloves of the Jabberwock {+Inv rPois Slay+3}
MR     +++..     Harm     .     G - +2 pair of boots of the Four Blessings {Str-2 Dex+5}
Stlth  ..........               R - amulet of regeneration
                                P - ring of protection from fire
                                J - +2 ring of evasion

@: about to teleport, marked, corroded, very slightly contaminated,
regenerating, heavily drained
A: retaliatory headbutt, horns 2, regeneration 1
a: Berserk, Trog's Hand, Brothers in Arms, Burn Spellbooks, Renounce Religion,
Evoke Invisibility
}: 2/15 runes: decaying, serpentine


You were on level 5 of the Vaults.
You worshipped Trog.
Trog was exalted by your worship.
You were very hungry.

You visited 6 branches of the dungeon, and saw 36 of its levels.
You visited the Abyss 1 time.

You collected 3942 gold pieces.
You spent 2255 gold pieces at shops.

Inventory:

Hand Weapons
 E - the +4 longbow of the Dead {velocity, *Corrode rPois Str+3 Int+2}
   (Trog gifted it to you on level 9 of the Dungeon)

   Any arrow fired from it inflicts extra damage.
   It affects your strength (+3).
   It affects your intelligence (+2).
   It protects you from poison.
   It may corrode you when you take damage.
 Z - a +9 antimagic executioner's axe (weapon)
Missiles
 t - 3 throwing nets (quivered)
 L - 1302 arrows
Armour
 s - the +0 pair of gloves of the Jabberwock (worn) {+Inv rPois Slay+3}
   (You bought it in a shop on level 2 of the Vaults)

   It affects your accuracy and damage with ranged weapons and melee attacks
   (+3).
   It protects you from poison.
   It lets you turn invisible.
 w - the +1 cloak of Starlight (worn) {rElec rC+ EV+4 Stlth--}
   (You found it on level 6 of the Lair of Beasts)

   It affects your evasion (+4).
   It protects you from cold.
   It insulates you from electricity.
   It makes you much less stealthy.
 x - a +1 hat (worn)
 G - the +2 pair of boots of the Four Blessings (worn) {Str-2 Dex+5}
   (You found it on level 3 of the Swamp)

   It affects your strength (-2).
   It affects your dexterity (+5).
 U - a +3 gold dragon armour (worn)
Jewellery
 k - an uncursed ring of positive energy
 J - a +2 ring of evasion (left hand)
 P - a ring of protection from fire (right hand)
 R - an amulet of regeneration (around neck)
Wands
 j - a wand of digging (4/24)
 o - a wand of teleportation (6/9)
 y - a wand of disintegration (4/24)
 D - a wand of iceblast (6/15)
 I - a wand of acid (10/15)
Scrolls
 a - a scroll of blinking
 b - 3 scrolls of recharging
 d - 9 scrolls of fear
 e - 13 scrolls of remove curse
 i - 9 scrolls of identify
 m - a scroll of magic mapping
 v - 7 scrolls of teleportation
 X - a scroll of fog
Potions
 f - 11 potions of curing
 h - 5 potions of lignification
 n - 7 potions of might
 q - 5 potions of haste
 u - 4 potions of ambrosia
 z - 4 potions of agility
 B - a potion of cure mutation
 C - a potion of flight
 F - 2 potions of resistance
 K - a potion of invisibility
 N - 4 potions of cancellation
 Y - a potion of heal wounds
Miscellaneous
 A - a fan of gales
 O - a disc of storms
 V - 2 sacks of spiders
 W - a lamp of fire
Comestibles
 c - 7 bread rations
 g - 7 chunks of flesh
 l - 28 fruits
 p - a slice of pizza
 r - 10 meat rations
 H - 8 royal jellies
 M - 6 beef jerkies


   Skills:
 + Level 20.8(18.6) Fighting
 - Level 26.2(23.9) Axes
 - Level 9.7(8.0) Bows
 + Level 21.8(19.6) Armour
 + Level 13.3(11.5) Dodging
 + Level 8.1(6.5) Evocations


You had 20 spell levels left.
You didn't know any spells.

Dungeon Overview and Level Annotations

Branches:
Dungeon (15/15)            Temple (0/1) D:4            Lair (6/6) D:11
  Swamp (4/4) Lair:2        Snake (4/4) Lair:2        Slime (0/5) Lair:6
    Orc (2/2) D:12            Elf (0/3) Orc:2        Vaults (5/5) D:13
  Crypt (0/3) Vaults:3     Depths (0/5) D:15

Altars:
Dithmenos
Elyvilon
Gozag
Kikubaaqudgha
Trog
Beogh
Jiyva

Shops:
D:6 ?   D:7 [   D:8 *   D:9 (   D:11 *   D:12 [   Orc:2 (%*?*   Snake:2 *
Snake:4 }=}:   Vaults:1 (   Vaults:2 *

Portals:
Trove: D:15 (give +3 storm dragon armour)

Annotations:
D:11 Sonja
Lair:6 exclusion: ice statue


Innate Abilities, Weirdness & Mutations

You reflexively headbutt those who attack you in melee.
You have a pair of horns on your head.
Your natural rate of healing is unusually fast.


Message History

The entropic weave corrodes you!
The deep elf high priest utters an invocation to its god.
The deep elf high priest begins emitting a brilliant aura!
The ancient lich touches you!
* * * LOW HITPOINT WARNING * * *
A shadow dragon comes into view.
Blink to where?
Press: ? - help, Dir - move target cursor You are very lightly contaminated with residual magic.
As you read the scroll of blinking, it crumbles to dust.
An ironbrand convoker comes into view. It is wielding a great mace.
Blink to where?
Press: ? - help, Dir - move target cursor
As you read the scroll of blinking, it crumbles to dust.
A shadow dragon and a yaktaur captain come into view.
The ironbrand convoker hits you with a great mace!
* * * LOW HITPOINT WARNING * * *
The shadow dragon breathes negative energy at you.
The bolt of negative energy hits you!
You feel drained.
You die... .# .# .# # .# .# .## .# .(### #.# .# pae[##### ..#.## coeB.p...

##.Dc..#
#p)#############@...#
##)§L).))(§......p.##
####################
...... ...... ......
...... ######


You could see a shadow dragon, a yaktaur captain and an ironbrand convoker.

Vanquished Creatures
  Mennas (Vaults:5)
  A golden dragon (Vaults:5)
  Nikola (Swamp:3)
  Jorgrun (Vaults:4)
  4 tentacled monstrosities
  Rupert (D:14)
  A titan (Vaults:3)
  5 sphinxes
  3 thorn hunters
  A tengu reaver (Vaults:5)
  2 storm dragons
  A frost giant (Vaults:3)
  Roxanne (D:14)
  Donald (Swamp:3)
  11 greater nagas
  4 fire giants
  16 vault wardens
  A deep elf sorcerer (Vaults:3)
  An orc warlord (Vaults:3)
  15 ironheart preservers
  A deep elf elementalist (Vaults:4)
  A war gargoyle (Vaults:3)
  4 very ugly things (Vaults:2)
  5 stone giants
  A deep elf demonologist (Vaults:3)
  An entropy weaver (Vaults:4)
  5 ettins
  A deep elf death mage (Vaults:3)
  Snorg (Orc:1)
  A fire dragon (Vaults:2)
  Erolcha (Orc:2)
  A great orb of eyes (Vaults:1)
  14 yaktaur captains
  3 ice dragons (Vaults:2)
  A great orb of eyes (shapeshifter) (Vaults:2)
  14 ogre magi
  The ghost of inmateoo the Grappler, a journeyman MiAM of Cheibriados (D:10)
  A rakshasa (Vaults:1)
  49 vault guards
  23 hydras
  5 ghost crabs
  Erica (Orc:1)
  An ice dragon (shapeshifter) (Vaults:4)
  31 naga warriors
  A catoblepas (Abyss:2)
  2 death knights
  7 centaur warriors
  10 alligators
  17 anacondas
  2 tengu warriors
  3 deep troll shamans
  A vampire mage (Vaults:3)
  2 deep troll earth magi
  A death yak (Lair:1)
  9 shock serpents
  15 naga sharpshooters
  5 orc high priests (Orc:2)
  7 spriggans
  3 deep elf knights
  2 fire crabs (Abyss:2)
  4 salamander mystics
  4 sea snakes (Snake:2)
  4 skeletal warriors (Vaults:1)
  An unseen horror (D:11)
  4 spriggan druids
  A wizard (Vaults:2)
  An unseen horror (shapeshifter) (Vaults:4)
  15 swamp dragons
  5 naga ritualists
  A swamp dragon (shapeshifter) (Vaults:2)
  3 giant orange brains
  6 orc knights
  A flayed ghost (Vaults:2)
  16 deep trolls
  4 phantasmal warriors
  2 deep elf archers
  6 hill giants
  16 ironbrand convokers
  10 mana vipers
  A harpy (shapeshifter) (Vaults:1)
  3 shambling mangroves
  A wolf spider (shapeshifter) (Vaults:3)
  7 harpies
  4 wolf spiders
  An orc sorcerer (Vaults:2)
  A necromancer (Lair:5)
  2 hornets
  An oklob plant (Snake:1)
  30 ugly things
  3 manticores
  6 griffons
  13 cyclopes
  14 salamanders
  3 deep elf magi (Vaults:3)
  9 elephants
  14 vault sentinels
  26 black mambas
  6 guardian serpents
  2 guardian serpents (shapeshifter)
  29 naga magi
  A torpor snail (Lair:2)
  7 spiny frogs
  A gargoyle (D:10)
  6 centaur skeletons
  7 rime drakes
  4 kobold demonologists
  3 freezing wraiths
  A tengu conjurer (D:12)
  28 yaktaurs
  6 komodo dragons
  9 trolls
  6 giant leeches
  4 polar bears
  3 meliai (D:13)
  21 two-headed ogres
  Grinder (D:4)
  6 bog bodies
  A harpy skeleton (D:15)
  3 boulder beetles
  A queen bee (D:9)
  24 blink frogs
  7 slime creatures
  2 redbacks
  A spriggan (shapeshifter) (Vaults:3)
  2 shadows
  2 wraiths
  53 yaks
  3 basilisks
  A yak (shapeshifter) (Vaults:3)
  A hog (shapeshifter) (Vaults:3)
  2 steam dragons
  A hungry ghost (D:15)
  15 vampire mosquitoes
  A golden eye (shapeshifter) (Vaults:5)
  2 wyverns
  10 wargs
  17 insubstantial wisps
  2 mottled dragons
  60 nagas
  7 hippogriffs
  The ghost of Shenda the Magician, an amateur HEWz (D:4)
  26 swamp worms
  3 soldier ants
  15 water moccasins
  3 porcupines
  27 orc warriors
  11 swamp drakes
  A sky beast (D:11)
  17 wasps
  12 ice beasts
  4 black bears
  A phantom (D:12)
  An elephant zombie (Lair:5)
  69 ogres
  30 centaurs
  15 crocodiles
  The ghost of Gorice the Cutter, an amateur KoEn (D:3)
  22 giant frogs
  4 big kobolds (D:14)
  Blork the orc (D:5)
  6 scorpions
  A wyvern skeleton (D:14)
  38 killer bees
  10 wights
  8 howler monkeys
  6 electric eels
  3 centaur zombies
  7 crimson imps
  2 giant frog zombies
  A basilisk zombie (Lair:5)
  5 jellies
  2 giant frog skeletons
  A gnoll shaman (D:4)
  51 orc priests
  5 hounds
  23 orc wizards
  Jessica (D:2)
  9 iguanas
  6 worker ants
  A killer bee zombie (D:8)
  2 crocodile zombies (Lair:5)
  23 sheep
  A hound zombie (D:9)
  3 worker ant zombies (D:9)
  12 gnolls
  10 adders
  29 river rats
  3 shadow imps
  2 white imps
  An adder zombie (D:8)
  2 adder skeletons (D:9)
  3 worms
  2 dart slugs (D:2)
  6 giant geckos
  124 orcs
  2 ball pythons
  3 bats
  5 giant cockroaches
  13 goblins
  5 hobgoblins
  15 jackals
  3 kobolds
  4 quokkas
  A giant gecko skeleton (D:4)
  A giant gecko zombie (D:5)
  9 giant newts
  3 jackal skeletons
  3 rats
  4 fungi
1682 creatures vanquished.

Vanquished Creatures (collateral kills)
  2 hydras
  A spiny frog (Swamp:2)
  A blink frog (Lair:4)
  A basilisk (Lair:6)
  A water moccasin (Lair:6)
  A fungus (Lair:4)
7 creatures vanquished.

Vanquished Creatures (others)
  An ogre mage (Vaults:3)
  A naga sharpshooter (Snake:4)
  A salamander (Snake:4)
  A naga mage (Snake:4)
  A wasp (Swamp:4)
  A bush (Snake:4)
  5 fungi
  10 plants
21 creatures vanquished.

Grand Total: 1710 creatures vanquished

Notes
Turn   | Place    | Note
-------+----------+-------------------------------------------
     0 | D:1      | hairmachine the Minotaur Berserker began the quest for the Orb.
     0 | D:1      | Reached XP level 1. HP: 19/19 MP: 0/0
   148 | D:1      | Reached skill level 4 in Axes
   387 | D:1      | Reached XP level 2. HP: 26/26 MP: 1/1
   588 | D:2      | Noticed Jessica
   601 | D:2      | Killed Jessica
   601 | D:2      | Reached skill level 5 in Axes
   601 | D:2      | Reached XP level 3. HP: 31/31 MP: 2/2
  1273 | D:2      | Reached XP level 4. HP: 38/39 MP: 3/3
  1294 | D:2      | Reached ** piety under Trog
  1336 | D:2      | Reached skill level 6 in Axes
  2205 | D:3      | Noticed a hippogriff
  2213 | D:3      | Killed a hippogriff
  2213 | D:3      | Reached skill level 7 in Axes
  2213 | D:3      | Reached XP level 5. HP: 23/45 MP: 4/4
  2222 | D:3      | Noticed Gorice's ghost (amateur KoEn)
  2380 | D:3      | Killed Gorice's ghost
  2380 | D:3      | Reached skill level 8 in Axes
  2380 | D:3      | Reached XP level 6. HP: 51/51 MP: 5/5
  2456 | D:3      | Found a faded altar of an unknown god.
  2883 | D:4      | Reached skill level 9 in Axes
  3225 | D:4      | Reached XP level 7. HP: 47/57 MP: 6/6
  3281 | D:4      | Found a staircase to the Ecumenical Temple.
  3293 | D:4      | Noticed Shenda's ghost (amateur HEWz)
  3533 | D:4      | Reached skill level 10 in Axes
  3541 | D:4      | Reached *** piety under Trog
  3853 | D:4      | Killed Shenda's ghost
  3853 | D:4      | Reached skill level 11 in Axes
  3954 | D:4      | Noticed Grinder
  3956 | D:4      | Paralysed by Grinder for 5 turns
  3965 | D:4      | Paralysed by Grinder for 4 turns
  3972 | D:4      | Killed Grinder
  3972 | D:4      | Reached XP level 8. HP: 46/64 MP: 7/7
  4036 | D:4      | Reached skill level 12 in Axes
  4451 | D:5      | Entered Level 5 of the Dungeon
  4949 | D:5      | Reached skill level 13 in Axes
  4982 | D:5      | Noticed Blork the orc
  4995 | D:5      | Killed Blork the orc
  5696 | D:6      | Found Heitoec's Magic Scroll Emporium.
  5710 | D:6      | Bought a scroll of enchant armour for 82 gold pieces
  5710 | D:6      | Bought a scroll of teleportation for 33 gold pieces
  5710 | D:6      | Bought a scroll of blinking for 82 gold pieces
  5877 | D:6      | Noticed a hill giant
  6021 | D:7      | Reached XP level 9. HP: 57/71 MP: 8/8
  6262 | D:7      | Found a white marble altar of Elyvilon.
  6297 | D:7      | Reached **** piety under Trog
  6389 | D:7      | Reached skill level 5 in Fighting
  6389 | D:7      | Reached skill level 14 in Axes
  6642 | D:7      | Found Bot Omnu's Armour Boutique.
  6863 | D:7      | Reached skill level 5 in Armour
  8213 | D:8      | Reached ***** piety under Trog
  8659 | D:8      | Found Ijiot's Assorted Antiques.
  8772 | D:8      | Reached XP level 10. HP: 78/84 MP: 9/9
  9120 | D:9      | Found a shadowy altar of Dithmenos.
  9680 | D:9      | Received a gift from Trog
  9688 | D:9      | Got a crude longbow {god gift}
  9692 | D:9      | Identified the +4 longbow of the Dead {velocity, *Corrode rPois Str+3 Int+2} (Trog gifted it to you on level 9 of the Dungeon)
 10666 | D:9      | Reached skill level 5 in Dodging
 10681 | D:9      | Noticed a cyan ugly thing
 10919 | D:9      | Killed a cyan ugly thing
 10996 | D:9      | Found Daicanape's Weapon Shop.
 11394 | D:10     | Entered Level 10 of the Dungeon
 11422 | D:10     | Noticed a hill giant
 11432 | D:10     | Killed a hill giant
 11432 | D:10     | Reached XP level 11. HP: 58/97 MP: 10/10
 11894 | D:10     | Noticed inmateoo's ghost (journeyman MiAM)
 11946 | D:10     | Killed inmateoo's ghost
 12333 | D:10     | Reached skill level 10 in Fighting
 13180 | D:11     | Found Zext's Changing Room.
 13261 | D:11     | Reached skill level 10 in Armour
 13273 | D:11     | Killed an unseen horror
 13287 | D:11     | Noticed a cyan ugly thing
 13306 | D:11     | Killed a cyan ugly thing
 13630 | D:11     | Noticed a seven-headed hydra
 13630 | D:11     | Noticed a death yak
 13630 | D:11     | Noticed Sonja
 13658 | D:11     | Found a staircase to the Lair.
 13668 | Lair:1   | Entered Level 1 of the Lair of Beasts
 13675 | Lair:1   | Killed a death yak
 14227 | Lair:1   | Reached skill level 1 in Evocations
 14662 | Lair:2   | Found a staircase to the Swamp.
 14885 | Lair:2   | Found a staircase to the Snake Pit.
 14892 | Lair:2   | Reached XP level 12. HP: 92/110 MP: 12/12
 15283 | Lair:2   | Received a gift from Trog
 16234 | Lair:3   | Found an opulent altar of Gozag.
 16562 | Lair:3   | Got a shimmering arbalest
 16563 | Lair:3   | Identified the +4 arbalest of Tumult {penet, Str+4} (You found it on level 3 of the Lair of Beasts)
 17032 | Lair:4   | Reached skill level 1 in Bows
 17163 | Lair:4   | Received a gift from Trog
 17327 | Lair:4   | Noticed a five-headed hydra
 17333 | Lair:4   | Killed a five-headed hydra
 17346 | Lair:4   | Noticed a seven-headed hydra
 17356 | Lair:4   | Killed a seven-headed hydra
 17725 | Lair:4   | Noticed a seven-headed hydra
 17728 | Lair:4   | Killed an eight-headed hydra
 17747 | Lair:4   | Reached XP level 13. HP: 122/122 MP: 15/15
 18429 | Lair:5   | Reached skill level 15 in Axes
 18429 | Lair:5   | Reached skill level 5 in Bows
 19241 | Lair:6   | Entered Level 6 of the Lair of Beasts
 19307 | Lair:6   | Found a viscous altar of Jiyva.
 19308 | Lair:6   | Found a staircase to the Slime Pits.
 19327 | Lair:6   | Reached skill level 16 in Axes
 19434 | Lair:6   | Received a gift from Trog
 21919 | D:12     | Reached skill level 17 in Axes
 22066 | D:12     | Reached XP level 14. HP: 125/132 MP: 16/16
 22250 | D:12     | Received a gift from Trog
 22269 | D:12     | Found Vuikob's Armour Emporium.
 22617 | D:8      | Bought a glowing hat for 108 gold pieces
 23003 | D:12     | Found a staircase to the Orcish Mines.
 23042 | Orc:1    | Entered Level 1 of the Orcish Mines
 23042 | Orc:1    | Found a roughly hewn altar of Beogh.
 23081 | Orc:1    | Noticed Erica
 23087 | Orc:1    | Killed Erica
 23129 | Orc:1    | Noticed Snorg
 23135 | Orc:1    | Killed Snorg
 23432 | Orc:2    | Entered Level 2 of the Orcish Mines
 23432 | Orc:2    | Found a frozen archway.
 23432 | Orc:2    | Noticed Erolcha
 23434 | Orc:2    | Paralysed by Erolcha for 6 turns
 23447 | Orc:2    | Killed Erolcha
 23581 | Orc:2    | Found a bloodstained altar of Trog.
 23638 | Orc:2    | Received a gift from Trog
 23652 | Orc:2    | Gained mutation: You are weak. (Str -2) [a neqoxec]
 23660 | Orc:2    | Gained mutation: You are frail. (-10% HP) [a neqoxec]
 24408 | Orc:2    | Found a staircase to the Elven Halls.
 24548 | Orc:2    | Found Guqenoevvi's General Store.
 24556 | Orc:2    | Bought a scroll of brand weapon for 240 gold pieces
 24667 | Orc:2    | Found Diam Omo's Assorted Antiques.
 24687 | Orc:2    | Reached skill level 18 in Axes
 24887 | Orc:2    | Found Gorukhlo's Magic Scroll Shop.
 24997 | Orc:2    | Bought a scroll of blinking for 120 gold pieces
 24998 | Orc:2    | Bought a scroll of enchant armour for 120 gold pieces
 25029 | Orc:2    | Found a roughly hewn altar of Beogh.
 25053 | Orc:2    | Found Cextyste's Antique Weapon Emporium.
 25053 | Orc:2    | Found Xithrynlu's Food Shop.
 25888 | D:13     | Found a gate to the Vaults.
 26349 | D:13     | Reached skill level 15 in Armour
 26356 | D:13     | Reached skill level 15 in Fighting
 26513 | D:14     | Noticed Roxanne
 26544 | D:14     | Killed Roxanne
 27023 | D:14     | Noticed Rupert
 27032 | D:14     | Killed Rupert
 27183 | D:14     | Received a gift from Trog
 27312 | D:14     | Reached skill level 19 in Axes
 27312 | D:14     | Reached XP level 15. HP: 109/126 MP: 5/17
 28307 | Swamp:1  | Entered Level 1 of the Swamp
 29794 | Swamp:2  | Reached ****** piety under Trog
 30100 | Swamp:1  | Received a gift from Trog
 30550 | Swamp:2  | Identified a scroll of acquirement
 30794 | Swamp:2  | Reached skill level 20 in Axes
 31098 | Swamp:3  | Noticed Donald
 31111 | Swamp:3  | Killed Donald
 31590 | Swamp:3  | Noticed a tentacled monstrosity
 31597 | Swamp:3  | Killed a tentacled monstrosity
 32086 | Swamp:3  | Got a pair of scorched boots
 32097 | Swamp:3  | Identified the +2 pair of boots of the Four Blessings {Str-2 Dex+5} (You found it on level 3 of the Swamp)
 32190 | Swamp:3  | Noticed Nikola
 32199 | Swamp:3  | Killed Nikola
 32637 | Swamp:4  | Entered Level 4 of the Swamp
 32660 | Swamp:4  | Noticed a thorn hunter
 32668 | Swamp:4  | Killed a thorn hunter
 32879 | Swamp:4  | Noticed a tentacled monstrosity
 32901 | Swamp:4  | Killed a tentacled monstrosity
 33054 | Swamp:4  | Reached XP level 16. HP: 115/135 MP: 6/18
 33154 | Swamp:4  | HP: 3/135 [shambling mangrove (25)]
 33538 | Swamp:4  | Received a gift from Trog
 33799 | Swamp:3  | Noticed a thorn hunter
 33813 | Swamp:3  | Killed a thorn hunter
 34087 | Swamp:4  | Reached skill level 21 in Axes
 35356 | Swamp:4  | Noticed a thorn hunter
 35362 | Swamp:4  | Killed a thorn hunter
 35775 | Swamp:4  | Got a decaying rune of Zot
 36303 | Snake:1  | Entered Level 1 of the Snake Pit
 36343 | Snake:1  | Found an ancient bone altar of Kikubaaqudgha.
 36789 | Snake:1  | Received a gift from Trog
 36985 | Snake:2  | Reached skill level 22 in Axes
 37481 | Snake:2  | Found Reuq's General Store.
 37487 | Snake:2  | Reached XP level 17. HP: 128/142 MP: 6/19
 37492 | Snake:2  | Bought a scroll of enchant weapon for 135 gold pieces
 38554 | Snake:2  | Received a gift from Trog
 39108 | Snake:2  | Found a shadowy altar of Dithmenos.
 40306 | Snake:4  | Entered Level 4 of the Snake Pit
 41030 | Snake:3  | Reached skill level 23 in Axes
 41777 | Snake:4  | Received a gift from Trog
 42204 | Snake:4  | Found Vemnol's Book Shop.
 42277 | Snake:4  | Found Udegaf's Gadget Shoppe.
 42278 | Snake:4  | Found Cafur's Jewellery Boutique.
 42280 | Snake:4  | Found Yhij's Gadget Shoppe.
 42292 | Snake:4  | Bought an uncursed amulet of regeneration for 510 gold pieces
 42384 | Snake:4  | Reached XP level 18. HP: 124/152 MP: 6/20
 42394 | Snake:4  | Received a gift from Trog
 42535 | Snake:4  | Reached skill level 10 in Dodging
 43091 | Snake:4  | Received a gift from Trog
 43908 | Snake:4  | Lost mutation: You are weak. (Str -2) [potion of cure mutation]
 43908 | Snake:4  | Lost mutation: You are frail. (-10% HP) [potion of cure mutation]
 43998 | Snake:4  | Received a gift from Trog
 44187 | Snake:4  | Got a serpentine rune of Zot
 44468 | D:15     | Entered Level 15 of the Dungeon
 44937 | D:15     | Reached skill level 24 in Axes
 45050 | D:15     | Found a portal to a secret trove of treasure.
 45108 | D:15     | Found a staircase to the Depths.
 45445 | Vaults:1 | Entered Level 1 of the Vaults
 45638 | Vaults:1 | Received a gift from Trog
 45787 | Vaults:1 | Paralysed by a great orb of eyes for 4 turns
 46138 | Vaults:1 | Gained mutation: Your natural rate of healing is unusually fast. [potion of beneficial mutation]
 46313 | Vaults:1 | Found Gupitugitu's Weapon Shoppe.
 46566 | Vaults:1 | HP: 5/172 [vault warden/battleaxe (53)]
 46566 | Vaults:1 | HP: 1/172 [ironheart preserver/great mace (4)]
 46812 | Vaults:1 | Reached XP level 19. HP: 168/179 MP: 7/21
 47243 | Vaults:2 | Received a gift from Trog
 47777 | Vaults:2 | Reached skill level 25 in Axes
 48028 | Vaults:2 | Received a gift from Trog
 48091 | Vaults:2 | Received a gift from Trog
 48219 | Vaults:2 | Received a gift from Trog
 48584 | Vaults:2 | Found Ajerelae's General Store.
 48600 | Vaults:2 | Bought a potion of might for 84 gold pieces
 48600 | Vaults:2 | Bought the +0 pair of gloves of the Jabberwock {+Inv rPois Slay+3} for 741 gold pieces
 48984 | Vaults:3 | Reached XP level 20. HP: 191/191 MP: 7/22
 49293 | Vaults:3 | Received a gift from Trog
 49309 | Vaults:3 | Got a pitted battleaxe {god gift}
 49321 | Vaults:3 | Identified the +8 battleaxe of Trog's Vengeance {chop, Int+3} (Trog gifted it to you on level 3 of the Vaults)
 49396 | Vaults:3 | Reached skill level 26 in Axes
 50245 | Vaults:3 | Found a staircase to the Crypt.
 50316 | Vaults:3 | Reached skill level 5 in Evocations
 50410 | Vaults:3 | Cast into level 2 of the Abyss (vault guard)
 50458 | Vaults:3 | Escaped the Abyss
 50473 | Vaults:3 | Received a gift from Trog
 50844 | Vaults:4 | Noticed Jorgrun
 50943 | Vaults:4 | Killed Jorgrun
 51153 | Vaults:4 | Received a gift from Trog
 51217 | Vaults:4 | Reached XP level 21. HP: 197/201 MP: 8/24
 51774 | Vaults:4 | Paralysed by an ogre mage for 5 turns
 51948 | Vaults:5 | Entered Level 5 of the Vaults
 52045 | Vaults:5 | Received a gift from Trog
 52060 | Vaults:5 | Noticed Mennas
 52061 | Vaults:5 | Noticed a golden dragon
 52070 | Vaults:5 | Killed a golden dragon
 52148 | Vaults:5 | Killed Mennas
 52192 | Vaults:5 | Noticed an ancient lich
 52210 | Vaults:5 | Killed from afar by a shadow dragon

Vault maps used:
D:1:      dpeg_arrival_windows_large_door
D:2:      serial_corexii_hall, corexii_hall_statues_t, corexii_hall_statues_i,
          uniq_jessica
D:3:      first_bread, ecumenical_altar_2, kennysheep_generic_room_12
D:4:      uniq_grinder
D:5:      uniq_blork_the_orc
D:6:      serial_shops, shop_scrolls, basic_altar, uniq_eustachio
D:7:      basic_altar, serial_shops, nicolae_shop_trees
D:8:      serial_shops, kennysheep_little_box
D:9:      serial_shops, nicolae_shop_crystal, basic_altar, david_nohive_1
D:11:     david_lair_generic, lab_entry_generic, nicolae_transmutations_shop,
          uniq_sonja
D:12:     erik_orc_1, serial_shops, shop, corexii_checkpoint_b
D:13:     erik_vaults_2
D:14:     minmay_misc_feat_chi, minmay_radiant, uniq_roxanne, uniq_rupert
D:15:     grunt_enter_depths_snipers, enter_trove_6, minmay_fountain_box
Lair:1:   nicolae_lair_grove_arrangements
Lair:2:   nicolae_swamp_entry_splash_gauntlet,
          minmay_snake_entry_guardpost_small, minivault_19, beast_lair_carwin_1
Lair:3:   basic_altar, serial_bayou_lagoon_b, lemuel_fruit_tree
Lair:4:   boulder_dual_corridor_run
Lair:5:   pond_and_an_island_with_a_cottage, grunt_megastairs_3,
          serial_bayou_shore_b
Lair:6:   due_jungle_book, slime_altar_1, ice2_lemuel
Swamp:1:  serial_swamp_ruin, evilmike_swamp_ruin_house_2,
          evilmike_swamp_ruin_house_1, evilmike_swamp_ruin_rubble_2
Swamp:2:  hangedman_swamp_pad
Swamp:3:  evilmike_swamp_ruin_rubble_1, uniq_nikola, uniq_donald
Swamp:4:  swamp_alternative, swamp_pool4
Snake:1:  lemuel_oklob_altar
Snake:2:  nicolae_snakescales, serial_shops, nicolae_shop_behind_doors,
          basic_altar, grunt_ministairs_1
Snake:4:  snake_pit, serial_shops, shop, minmay_shop_grove
Orc:1:    basic_altar, uniq_erica, uniq_snorg
Orc:2:    st_orc_town, serial_shops, shop, portal_ice_cave_rime, bloody_trog,
          uniq_erolcha
Vaults:1: v_rooms_4, nicolae_vaults_meeting, ontoclasm_vaults_tryst,
          grunt_vaults_hallway_short, serial_shops, shop
Vaults:2: nicolae_vaults_circle_grid_b, v_misc_25, v_misc_29, vaults_room_grid,
          ontoclasm_vaults_ring_square, v_misc_12, vaults_room_fancy_cross,
          v_misc_14, ontoclasm_vaults_gallery, vaults_mumra_hexcomb,
          hangedman_vaults_corner, v_pattern_5, nicolae_vaults_little_ls,
          nicolae_vaults_little_squares_5, nicolae_vaults_big_ls, serial_shops,
          shop
Vaults:3: v_misc_19, nicolae_vaults_little_squares_6, nicolae_vaults_what_the_h,
          vaults_dpeg_encased_lava, hangedman_vaults_cutoff, st_greater_box_4,
          v_pattern_4, minmay_crypt_entry_simple_box, grunt_vaults_focal
Vaults:4: hangedman_vaults_trim, v_misc_2, grunt_vaults_hallway_long,
          hangedman_vaults_hat, hangedman_vaults_slice, dpeg_vaults_monster_box,
          vaults_mumra_lcd, nicolae_vaults_shelves_hall, v_rooms_6,
          nicolae_vaults_circle_grid_b, ontoclasm_vaults_ring_small,
          ontoclasm_vaults_twist, vaults_room_pools, v_misc_17, serial_ice_h,
          ontoclasm_vaults_misaligned, serial_glass, uniq_jorgrun
Vaults:5: uniq_mennas
Abyss:2:  grunt_abyss_exit_deep_breaths, bh_abyss_xom_lugonu_altar,
          small_statue_intersection

Skill      XL: |  1  2  3  4  5  6  7  8  9 10 11 12 13 14 15 16 17 18 19 20 21 |
---------------+----------------------------------------------------------------+-----
Axes           | 4 5 7 8 9 11 13 14 17 19 20 22 23 24 25 26 | 26.2
Fighting       | 6 9 11 13 14 15 16 17 18 19 20 | 20.8
Armour         | 6 9 11 13 14 15 16 17 18 19 20 21 | 21.8
Dodging        | 6 8 9 10 11 13 | 13.3
Evocations     | 1 4 6 8 |  8.1
Bows           | 4 5 6 9 |  9.7

Action                   |  1- 3 |  4- 6 |  7- 9 | 10-12 | 13-15 | 16-18 | 19-21 || total
-------------------------+-------+-------+-------+-------+-------+-------+-------++-------
Melee: Hand axe          |    53 |    59 |       |       |       |       |       ||   112
       Headbutt          |    12 |    19 |    81 |   170 |   221 |   376 |   297 ||  1176
       War axe           |       |    37 |   350 |   740 |       |       |       ||  1127
       Battleaxe         |       |       |       |    38 |   114 |       |       ||   152
       Executioner's axe |       |       |       |       |   913 |  1350 |  1063 ||  3326
 Fire: Longbow           |       |       |       |     4 |    54 |   105 |    23 ||   186
Invok: Berserk           |     1 |     2 |    10 |     9 |     3 |     2 |       ||    27
       Burn Spellbooks   |       |       |       |     4 |     3 |     5 |     4 ||    16
       Trog's Hand       |       |       |       |     3 |       |     4 |     3 ||    10
       Brothers in Arms  |       |       |       |     4 |     2 |       |       ||     6
Evoke: Wand              |       |       |       |       |       |     3 |       ||     3
  Use: Potion            |       |     1 |     1 |     3 |     1 |     5 |     1 ||    12
       Scroll            |       |       |     3 |    16 |    26 |    17 |     5 ||    67
 Stab: Distracted        |       |       |       |       |       |     1 |       ||     1
  Eat: Chunk             |     2 |     8 |    26 |    34 |    40 |    23 |    15 ||   148
       Pizza             |       |       |     1 |     1 |     2 |       |       ||     4
       Fruit             |       |       |       |     1 |     1 |     1 |       ||     3
       Meat ration       |       |       |       |     1 |       |       |       ||     1
       Bread ration      |       |       |       |       |     2 |     4 |     1 ||     7
       Beef jerky        |       |       |       |       |     2 |     2 |       ||     4
       Royal jelly       |       |       |       |       |       |     1 |       ||     1
Armor: Animal skin       |     2 |       |       |       |       |       |       ||     2
       Ring mail         |     3 |    32 |    29 |       |       |       |       ||    64
       Leather armour    |     3 |       |       |       |       |       |       ||     3
       Chain mail        |       |       |    89 |    15 |       |       |       ||   104
       Plate armour      |       |       |       |   428 |   479 |       |       ||   907
       Gold dragon armou |       |       |       |       |   323 |  1086 |   601 ||  2010
Dodge: Dodged            |    28 |    61 |   125 |   365 |   868 |  1225 |   716 ||  3388
